 Dungeon Crawl Stone Soup version 0.29-a0-1033-gb6c65ffae6 (webtiles) character file.

Game seed: 11671133109001257439

84 porpoise the Stinger (level 4, 0/27 HPs)
             Began as an Octopode Venom Mage on Aug 14, 2022.
             Slain by a gnoll
             ... wielding a +0 whip
              (8 damage)
             ... on level 3 of the Dungeon.
             The game lasted 00:06:48 (2915 turns).

porpoise the Stinger (Octopode Venom Mage)          Turns: 2915, Time: 00:06:49

Health: 0/27       AC:  1    Str:  7    XL:     4   Next: 45%
Magic:  5/7        EV: 13    Int: 19    God:
Gold:   102        SH:  0    Dex: 12    Spells: 6/7 levels left

rFire   . . .      SeeInvis .   a - +0 dagger
rCold   . . .      Faith    .   (no shield)
rNeg    . . .      Spirit   .   (helmet restricted)
rPois   .          Reflect  .   (no amulet)
rElec   .          Harm     .   (no ring)
rCorr   .          Rampage  .   (no ring)
Will    .....                   (no ring)
Stlth   +++.......              (no ring)
HPRegen 0.09/turn               (no ring)
MPRegen 0.10/turn               (no ring)
                                (no ring)
                                (no ring)

@: no status effects
A: almost no armour, amphibious, 8 rings, camouflage 1, gelatinous body 1,
(nimble swimmer 1), tentacles
a: no special abilities


You were on level 3 of the Dungeon.
You visited 1 branch of the dungeon, and saw 3 of its levels.

You collected 102 gold pieces.

Inventory:

Hand Weapons
 a - a +0 dagger (weapon)
 w - a +0 whip
Missiles
 s - 3 boomerangs
Scrolls
 b - a scroll of fear {unknown}
 c - 4 scrolls of identify {unknown}
 d - a scroll of magic mapping {unknown}
 h - a scroll of immolation {unknown}
 l - a scroll of brand weapon {unknown}
 n - a scroll of teleportation {unknown}
 q - a scroll of blinking {unknown}
 r - a scroll of amnesia {unknown}
 u - a scroll of silence {unknown}
Potions
 e - a potion of magic
 f - 2 potions of flight {unknown}
 g - a potion of mutation {unknown}
 i - a potion of attraction {unknown}
 j - a potion of berserk rage {unknown}
 k - 2 potions of brilliance {unknown}
 m - a potion of curing {unknown}
 o - a potion of haste
 p - 2 potions of degeneration {unknown}
 t - a potion of might {unknown}


   Skills:
 - Level 2.0 Maces & Flails
 - Level 2.0 Dodging
 + Level 4.0 Stealth
 - Level 2.0 Spellcasting
 + Level 2.0 Transmutations
 + Level 4.3 Poison Magic


You had 6 spell levels left.
You knew the following spells:

 Your Spells              Type           Power      Damage    Failure   Level
a - Sting                 Tmut/Pois      56%        1d5       4%          1

Your spell library contained the following spells:

 Spells                   Type           Power      Damage    Failure   Level
 Poisonous Vapours        Pois/Air       20%        N/A       11%         2
 Slow                     Hex            4%         N/A       17%         1
 Mephitic Cloud           Conj/Pois/Air  7%         N/A       28%         3
 Olgreb's Toxic Radiance  Pois           18%        N/A       28%         4
 Confusing Touch          Hex            1%         N/A       45%         3
 Vampiric Draining        Necr           1%         2d6       45%         3


Dungeon Overview and Level Annotations

Branches:
Dungeon (3/15)

Altars:

Annotations:
D:2 Sigmund


Innate Abilities, Weirdness & Mutations

You cannot wear most types of armour.
You are amphibious.
You can wear up to eight rings at the same time.
Your skin changes colour to match your surroundings (Stealth+).
Your rubbery body absorbs attacks. (AC +1, EV +1)
((You are camouflaged when in or above water. (Stealth+)))
You have tentacles for arms and can constrict up to eight enemies at once.


Message History

You hit the gnoll. Your grab misses the gnoll.
The gnoll is almost dead.
The gnoll hits you with a +0 club.
* * * LOW HITPOINT WARNING * * *
You hit the gnoll.
You kill the gnoll!
Your Stealth skill increases to level 4!
Your Transmutations skill increases to level 2!
You start resting.
Magic restored.
You start resting.
HP restored.
You climb downwards.
The gnoll hits you with a +0 whip. The endoplasm freezes you.
You are frozen.
There is a stone staircase leading up, spattered with blood here.
Casting: Sting (safe; 4% risk of failure)
Confirm with . or Enter, or press ? or * to list all spells.
Aiming: Sting (safe; 4% risk of failure)
Press: ? - help, Shift-Dir - straight line, f - endoplasm
Aim: an endoplasm (98% to hit)
The sting hits the endoplasm.
The endoplasm partially resists.
The endoplasm is poisoned.
The endoplasm is lightly wounded.
The gnoll hits you with a +0 whip! The endoplasm closely misses you.
Casting: Sting (safe; 4% risk of failure)
Confirm with . or Enter, or press ? or * to list all spells.
Aiming: Sting (safe; 4% risk of failure)
Press: ? - help, Shift-Dir - straight line, f - gnoll, p - endoplasm
Aim: a gnoll, wielding a +0 whip (75% to hit)
The sting hits the gnoll but does no damage.
The gnoll is poisoned.
The gnoll hits you with a +0 whip.
* * * LOW HITPOINT WARNING * * *
The endoplasm barely misses you.
You hit the gnoll. You grab the gnoll.
You tentacle-slap the gnoll, but do no damage.
The gnoll is lightly wounded.
You constrict the gnoll, but do no damage.
The gnoll hits you with a +0 whip!
You die...

##.###.#####
#.......# #.# #.#
#.#.....# #.# #.#
#.#.....# #.# #.#
#.###.### #.# #.#
#.# #.# #.# #.#
#.# #.# #.# #.#
######.# #.# #.#
#.###.....[# #.#
#.#
#.J@g...#..###.#
#.#
#####..........#
#.## #..##.######
#..# #g....# ##.#
##.#### #†#
#####J##########
#.#
#.......gJ.....##
#.#
#.###...........#
#.# #.#
##########..#


You could see a gnoll (poisoned) and an endoplasm (poisoned).

Vanquished Creatures
  3 gnolls
  2 adders
  A worm (D:2)
  3 ball pythons
  2 endoplasms
  3 giant cockroaches
  2 goblins
  4 hobgoblins (D:1)
  A quokka (D:2)
  3 bats (D:1)
  A frilled lizard (D:1)
  3 kobolds
  5 rats
33 creatures vanquished.

Vanquished Creatures (others)
  5 plants (D:1)
5 creatures vanquished.

Grand Total: 38 creatures vanquished

Notes
Turn   | Place    | Note
-------+----------+-------------------------------------------
     0 | D:1      | porpoise the Octopode Venom Mage began the quest for the
                  | Orb.
     0 | D:1      | Reached XP level 1. HP: 11/11 MP: 3/3
   463 | D:1      | Reached XP level 2. HP: 17/17 MP: 5/5
   609 | D:1      | Reached skill level 1 in Maces & Flails
  1225 | D:1      | Found a faded altar of an unknown god.
  1657 | D:2      | Reached XP level 3. HP: 21/21 MP: 6/6
  2233 | D:2      | Noticed Sigmund
  2601 | D:3      | Reached XP level 4. HP: 27/27 MP: 5/7
  2631 | D:2      | HP: 1/27 [gnoll/+0 club (5)]
  2915 | D:3      | Slain by a gnoll

Illustrated notes

Levels and vault maps discovered:
D:1:      dpeg_arrival_lava_temple_mockup, layout_rooms,
          chequers_ecumenical_altar_simple, serial_bayou_pond_d,
          serial_bayou_lagoon_a
D:2:      layout_rooms, hangedman_decor_slide_cut, st_stairs_2,
          dk_noncrumbling_2, uniq_crazy_yiuf_cottage, uniq_sigmund
D:3:      layout_loops_ring, uniq_jessica

Skill      XL: |  1  2  3  4 |
---------------+-------------+-----
Stealth        | 3 4 |  4.0
Maces & Flails | 1 2 |  2.0
Poison Magic   | 4 |  4.3
Transmutations | 2 |  2.0
Dodging        | |  2.0
Spellcasting   | |  2.0

Action                   |  1- 3 |  4- 6 || total
-------------------------+-------+-------++-------
Melee: Whip              |    34 |       ||    34
       Constrict         |    14 |     2 ||    16
       Tentacles         |    13 |       ||    13
       Dagger            |    35 |     8 ||    43
       Punch             |       |     1 ||     1
 Cast: Sting             |    16 |     9 ||    25
 Stab: Sleeping          |     4 |       ||     4
       Distracted        |     1 |       ||     1
Armor: Skin              |     6 |       ||     6
Dodge: Dodged            |    42 |     9 ||    51

Table legend: (Time is in decaauts)
 A = Elapsed time spent in this place.
 B = Non-inter-level travel time spent in this place.
 C = Inter-level travel time spent in this place.
 D = Time resting spent in this place.
 E = Time spent auto-exploring this place.
 F = Levels seen in this place.
 G = Mean time per level.
                   A        B        C        D        E       F      G
               +--------+--------+--------+--------+--------+-----+--------+
         Total |   2915 |   2866 |     49 |   1599 |    855 |   3 |  971.7 |
       Dungeon |   2915 |   2866 |     49 |   1599 |    855 |   3 |  971.7 |
               +--------+--------+--------+--------+--------+-----+--------+

Top non-repeatable levels by time:
     D:1: 1683 daAuts
     D:2: 843 daAuts
     D:3: 389 daAuts
